| Goals | Penalties |
No Goal
|
Mitchell Stephens (FLO) for Fighting (Major) at 0:10 Lukas Rousek (PHI) for Fighting (Major) at 0:10 Mitchell Stephens (FLO) for instigated a fight (Minor) at 0:10 Mitchell Stephens (FLO) for instigated a fight (10 Minutes Misconduct) at 0:10
|
No Goal
|
Jordan Martel (PHI) for Roughing (Minor) at 1:03
|
1. Checkers 1 , Jesse Ylonen 5 (Jack Williams 6, Chase Priskie 8) at 0:15
2. Phantoms , Juha Jaaska 10 (Steven Santini 8, Dylan Roobroeck 6) at 0:30
3. Checkers 1 , Jesse Ylonen 6 (Jack Williams 7, Chase Priskie 9) at 0:38
4. Phantoms , Curtis Douglas 7 (Max McCormick 6, Jordan Martel 4) at 4:59
5. Phantoms , Jordan Martel 3 (Max McCormick 7, Curtis Douglas 10) at 10:21 (PP)
6. Phantoms , Lukas Rousek 7 (Dylan Roobroeck 7) at 19:14
|
Curtis Douglas (PHI) for High sticking (Minor) at 5:49 Calen Addison (FLO) for Slashing (Minor) at 9:46 Dylan Roobroeck (PHI) for Tripping (Minor) at 16:06
|
|
Felix Sandström (PHI), 12 saves from 14 shots - (0,857), W, 6-1-0, 60:00 minutes
Nolan Maier (FLO), 10 saves from 14 shots - (0,714), L, 2-7-1, 60:00 minutes
|
|
1 - Max McCormick (PHI)
2 - Jesse Ylonen (FLO)
3 - Jordan Martel (PHI)
|
Referees : Brandy Beecroft and Cianna Lieffers
Linesman : Luke Pye and Greg Offerman
|
|
Mitchell Stephens and Lukas Rousek fight to a draw at 0:10 of 1st period
|
| Team Name |
Goals |
Shots |
Shots Attemp |
Shots Blocked |
PIM |
HIT |
PP |
PK |
FO% |
| Phantoms |
4 | 14 | 32 | 5 | 11 | 21 | 1 / 2 (50%) | 0 | 46% |
| Checkers 1 |
2 | 14 | 31 | 7 | 19 | 22 | 0 / 3 (0%) | 1 | 54% |
Phantoms
| Player Name |
POS |
G |
A |
P |
+/- |
PIM |
HIT |
SHT |
SB |
MP |
PP MP |
PP SHT |
PK MP |
PK SHT |
FO% |
FOT |
GA |
TA |
| Chase Wouters | C | 0 | 0 | 0 | 0 | 0 | 2 | 0 | 0 | 15:30 | 0:39 | 0 | 0:00 | 0 | 40% |
5 | 0 | 0 |
| Cole Reinhardt | LW | 0 | 0 | 0 | 0 | 0 | 0 | 2 | 0 | 15:50 | 0:21 | 0 | 1:31 | 0 | 0% |
0 | 0 | 0 |
| Curtis Douglas | C | 1 | 1 | 2 | 1 | 2 | 1 | 2 | 0 | 17:03 | 1:00 | 0 | 0:11 | 0 | 100% |
3 | 0 | 1 |
| Djibril Touré | D | 0 | 0 | 0 | 0 | 0 | 2 | 0 | 0 | 19:17 | 0:56 | 0 | 2:29 | 0 | 0% |
0 | 0 | 0 |
| Dylan Roobroeck | C | 0 | 2 | 2 | 0 | 2 | 3 | 1 | 0 | 19:31 | 1:13 | 0 | 0:54 | 0 | 36% |
11 | 2 | 0 |
| Grant Gabriele | D | 0 | 0 | 0 | 0 | 0 | 1 | 0 | 0 | 7:48 | 0:00 | 0 | 0:00 | 0 | 0% |
0 | 0 | 0 |
| Grant Hutton | D | 0 | 0 | 0 | 0 | 0 | 2 | 0 | 1 | 19:23 | 0:56 | 0 | 2:29 | 0 | 0% |
0 | 0 | 0 |
| Jeremie Bucheler | D | 0 | 0 | 0 | 0 | 0 | 0 | 0 | 0 | 8:42 | 0:00 | 0 | 0:00 | 0 | 0% |
0 | 0 | 0 |
| Joe Arntsen | D | 0 | 0 | 0 | 0 | 0 | 0 | 0 | 0 | 0:20 | 0:00 | 0 | 0:00 | 0 | 0% |
0 | 0 | 0 |
| Jordan Martel | RW | 1 | 1 | 2 | 1 | 2 | 1 | 2 | 0 | 17:22 | 1:11 | 1 | 0:00 | 0 | 100% |
2 | 0 | 0 |
| Juha Jaaska | LW | 1 | 0 | 1 | 0 | 0 | 1 | 1 | 0 | 22:40 | 1:13 | 0 | 3:14 | 0 | 25% |
8 | 0 | 0 |
| Lukas Rousek | RW | 1 | 0 | 1 | 0 | 5 | 1 | 2 | 1 | 20:30 | 0:20 | 0 | 3:08 | 0 | 40% |
5 | 1 | 1 |
| Max McCormick | LW | 0 | 2 | 2 | 1 | 0 | 3 | 0 | 0 | 18:48 | 1:00 | 0 | 1:18 | 0 | 100% |
1 | 0 | 0 |
| Riley Hughes | C/LW/RW | 0 | 0 | 0 | 0 | 0 | 0 | 2 | 0 | 13:12 | 0:24 | 0 | 1:38 | 0 | 0% |
0 | 0 | 0 |
| Ryan Jones | D | 0 | 0 | 0 | 0 | 0 | 0 | 0 | 0 | 13:55 | 0:00 | 0 | 0:00 | 0 | 0% |
0 | 0 | 0 |
| Seth Helgeson | D | 0 | 0 | 0 | 0 | 0 | 0 | 0 | 0 | 14:36 | 0:21 | 0 | 0:00 | 0 | 0% |
0 | 0 | 1 |
| Steven Santini | D | 0 | 1 | 1 | 1 | 0 | 1 | 2 | 0 | 25:57 | 1:38 | 0 | 3:28 | 0 | 0% |
0 | 2 | 0 |
| Wyatte Wylie | D | 0 | 0 | 0 | 1 | 0 | 3 | 0 | 3 | 23:35 | 1:38 | 0 | 3:28 | 0 | 0% |
0 | 0 | 1 |
Checkers 1
| Player Name |
POS |
G |
A |
P |
+/- |
PIM |
HIT |
SHT |
SB |
MP |
PP MP |
PP SHT |
PK MP |
PK SHT |
FO% |
FOT |
GA |
TA |
| Calen Addison | D | 0 | 0 | 0 | -1 | 2 | 2 | 1 | 1 | 25:27 | 3:21 | 0 | 1:07 | 0 | 0% |
0 | 1 | 0 |
| Charles-Alexis Legault | D | 0 | 0 | 0 | -1 | 0 | 0 | 0 | 0 | 16:24 | 1:07 | 0 | 0:00 | 0 | 0% |
0 | 0 | 0 |
| Chase Priskie | D | 0 | 2 | 2 | 0 | 0 | 2 | 3 | 0 | 24:10 | 4:09 | 0 | 1:42 | 0 | 0% |
0 | 1 | 0 |
| Devante Stephens | D | 0 | 0 | 0 | 0 | 0 | 2 | 0 | 1 | 21:12 | 3:04 | 0 | 0:52 | 0 | 0% |
0 | 1 | 1 |
| Givani Smith | RW | 0 | 0 | 0 | 0 | 0 | 2 | 2 | 1 | 23:52 | 3:34 | 0 | 1:43 | 0 | 44% |
25 | 0 | 1 |
| Jack Williams | RW | 0 | 2 | 2 | 0 | 0 | 0 | 3 | 1 | 19:28 | 2:06 | 0 | 0:47 | 0 | 100% |
1 | 0 | 0 |
| Jesse Ylonen | RW | 2 | 0 | 2 | 0 | 0 | 0 | 2 | 0 | 18:20 | 1:39 | 0 | 0:00 | 0 | 100% |
2 | 0 | 0 |
| Luke Henman | C | 0 | 0 | 0 | 0 | 0 | 0 | 0 | 0 | 4:18 | 0:00 | 0 | 0:00 | 0 | 0% |
0 | 0 | 0 |
| Marcel Marcel | C/LW/RW | 0 | 0 | 0 | -1 | 0 | 5 | 0 | 0 | 17:50 | 1:52 | 0 | 0:56 | 0 | 0% |
2 | 0 | 0 |
| Martin Chromiak | RW | 0 | 0 | 0 | 0 | 0 | 1 | 1 | 0 | 12:20 | 0:00 | 0 | 0:00 | 0 | 0% |
0 | 0 | 0 |
| Mason Millman | D | 0 | 0 | 0 | 0 | 0 | 0 | 0 | 0 | 12:03 | 0:00 | 0 | 0:00 | 0 | 0% |
0 | 0 | 1 |
| Maxence Guenette | D | 0 | 0 | 0 | 0 | 0 | 0 | 0 | 1 | 19:07 | 0:00 | 0 | 1:27 | 0 | 0% |
0 | 0 | 0 |
| Mikael Pyyhtia | LW | 0 | 0 | 0 | -1 | 0 | 1 | 2 | 0 | 16:48 | 3:43 | 2 | 0:00 | 0 | 100% |
1 | 0 | 0 |
| Mitchell Stephens | C | 0 | 0 | 0 | -1 | 17 | 2 | 0 | 1 | 16:47 | 3:43 | 0 | 0:35 | 0 | 100% |
3 | 1 | 1 |
| Nate Smith | C | 0 | 0 | 0 | 0 | 0 | 2 | 0 | 1 | 16:17 | 0:25 | 0 | 0:00 | 0 | 100% |
1 | 0 | 0 |
| Nikita Grebenkin | RW | 0 | 0 | 0 | 0 | 0 | 0 | 0 | 0 | 14:23 | 0:00 | 0 | 0:54 | 0 | 0% |
0 | 0 | 1 |
| Quinn Olson | C/LW/RW | 0 | 0 | 0 | 0 | 0 | 3 | 0 | 0 | 12:58 | 0:49 | 0 | 0:13 | 0 | 0% |
0 | 0 | 0 |
| Tobias Bjornfot | D | 0 | 0 | 0 | 0 | 0 | 0 | 0 | 0 | 5:40 | 0:13 | 0 | 0:00 | 0 | 0% |
0 | 0 | 0 |
Phantoms
| 5 vs 5 Forward |
|---|
| Line # | Left Wing | Center | Right Wing | PHY | DF | OF | Wanted % | Time % | Time Play |
| 1 | Juha Jaaska | Dylan Roobroeck | Lukas Rousek | 1 | 2 | 2 | 40 | 36% | 18:30
|
| 2 | Max McCormick | Curtis Douglas | Jordan Martel | 1 | 2 | 2 | 30 | 34% | 17:15
|
| 3 | Cole Reinhardt | Chase Wouters | Juha Jaaska | 1 | 2 | 2 | 20 | 23% | 11:57
|
| 4 | Lukas Rousek | Juha Jaaska | Max McCormick | 1 | 2 | 2 | 10 | 6% | 3:17
|
| 5 vs 5 Defense |
|---|
| Line # | Defense | Defense | | PHY | DF | OF | Wanted % | Time % | Time Play |
| 1 | Steven Santini | Wyatte Wylie | | 1 | 2 | 2 | 40 | 36% | 18:09
|
| 2 | Grant Hutton | Djibril Touré | | 1 | 2 | 2 | 30 | 31% | 15:40
|
| 3 | Seth Helgeson | Ryan Jones | | 1 | 2 | 2 | 20 | 23% | 11:34
|
| 4 | Steven Santini | Jeremie Bucheler | | 1 | 2 | 2 | 10 | 11% | 5:36
|
| Power Play Forward |
|---|
| Line # | Left Wing | Center | Right Wing | PHY | DF | OF | Wanted % | Time % | Time Play |
| 1 | Juha Jaaska | Dylan Roobroeck | Lukas Rousek | 1 | 2 | 2 | 60 | 61% | 1:34
|
| 2 | Max McCormick | Curtis Douglas | Jordan Martel | 1 | 2 | 2 | 40 | 39% | 1:00
|
| Power Play Defense |
|---|
| Line # | Defense | Defense | | PHY | DF | OF | Wanted % | Time % | Time Play |
| 1 | Steven Santini | Wyatte Wylie | | 1 | 2 | 2 | 60 | 64% | 1:38
|
| 2 | Grant Hutton | Djibril Touré | | 1 | 2 | 2 | 40 | 36% | 0:56
|
| Penalty Kill 4 Players Forward |
|---|
| Line # | Center | Wing | PHY | DF | OF | Wanted % | Time % | Time Play |
| 1 | Juha Jaaska | Lukas Rousek | 1 | 2 | 2 | 60 | 78% | 4:39
|
| 2 | Max McCormick | Cole Reinhardt | 1 | 2 | 2 | 40 | 22% | 1:18
|
| Penalty Kill 4 Players Defense |
|---|
| Line # | Defense | Defense | PHY | DF | OF | Wanted % | Time % | Time Play |
| 1 | Steven Santini | Wyatte Wylie | 1 | 2 | 2 | 60 | 58% | 3:28
|
| 2 | Grant Hutton | Djibril Touré | 1 | 2 | 2 | 40 | 42% | 2:29
|
| Penalty Kill 3 Players |
|---|
| Line # | Wing | PHY | DF | OF | Wanted % | Time % | Time Play | Defense | Defense | PHY | DF | OF | Wanted % | Time % | Time Play |
| 1 | Juha Jaaska | 1 | 2 | 2 | 60 | 0% | 0:00
| Steven Santini | Wyatte Wylie | 1 | 2 | 2 | 60 | 0% | 0:00
|
| 2 | Lukas Rousek | 1 | 2 | 2 | 40 | 0% | 0:00
| Grant Hutton | Djibril Touré | 1 | 2 | 2 | 40 | 0% | 0:00
|
| 4 vs 4 Forward |
|---|
| Line # | Center | Wing | PHY | DF | OF | Wanted % | Time % | Time Play |
| 1 | Juha Jaaska | Lukas Rousek | 1 | 2 | 2 | 60 | 0% | 0:00
|
| 2 | Max McCormick | Cole Reinhardt | 1 | 2 | 2 | 40 | 0% | 0:00
|
| 4 vs 4 Defense |
|---|
| Line # | Defense | | PHY | DF | OF | Wanted % | Time % | Time Play |
| 1 | Steven Santini | Wyatte Wylie | 1 | 2 | 2 | 60 | 0% | 0:00
|
| 2 | Grant Hutton | Djibril Touré | 1 | 2 | 2 | 40 | 0% | 0:00
|
| Last Minutes Offensive |
|---|
| Left Wing | Center | Right Wing | Defense | Defense |
| Juha Jaaska | Dylan Roobroeck | Lukas Rousek | Steven Santini | Wyatte Wylie |
| Last Minutes Defensive |
|---|
| Left Wing | Center | Right Wing | Defense | Defense |
| Juha Jaaska | Dylan Roobroeck | Lukas Rousek | Steven Santini | Wyatte Wylie |
| Time |
|---|
| Total Forward | Total Defense | Last Minutes Offensive | Last Minutes Defensive |
| 60:00 |
60:00 |
0:00 | 0:30 |
| Extra Forwards |
|---|
| Normal | PowerPlay | Penalty Kill |
|
Chase Wouters, Juha Jaaska, Dylan Roobroeck | Chase Wouters, Juha Jaaska | Dylan Roobroeck |
| Extra Defensemen |
|---|
| Normal | PowerPlay | Penalty Kill |
|
Grant Gabriele, Seth Helgeson, Ryan Jones | Grant Gabriele, Seth Helgeson | Ryan Jones |
| Penalty Shots |
|---|
|
Juha Jaaska, Lukas Rousek, Max McCormick, Cole Reinhardt, Dylan Roobroeck |
| Goalie |
|---|
| Felix Sandström, Malcolm Subban |
| Scratches |
|---|
|
Jackson van de Leest (Left Foot Injury), Keaton Mastrodonato (Healthy), Sam Bitten (Healthy), Stefan Matteau (Healthy), Connor Kurth (Healthy)
Dyllan Gill (Healthy), Filip Král (Healthy), Jeremie Biakabutuka (Healthy), Joe Fleming (Healthy), Josh Prokop (Healthy)
Noah Warren (Healthy), Jaxon Castor (Healthy), Jordan Papirny (Healthy) |
Checkers 1
| 5 vs 5 Forward |
|---|
| Line # | Left Wing | Center | Right Wing | PHY | DF | OF | Wanted % | Time % | Time Play |
| 1 | Mitchell Stephens | Givani Smith | Mikael Pyyhtia | 1 | 2 | 2 | 40 | 29% | 14:44
|
| 2 | Jesse Ylonen | Givani Smith | Jack Williams | 1 | 2 | 2 | 30 | 27% | 13:51
|
| 3 | Martin Chromiak | Givani Smith | Nate Smith | 1 | 2 | 2 | 20 | 23% | 11:55
|
| 4 | Mitchell Stephens | Nikita Grebenkin | Marcel Marcel | 1 | 2 | 2 | 10 | 21% | 10:44
|
| 5 vs 5 Defense |
|---|
| Line # | Defense | Defense | | PHY | DF | OF | Wanted % | Time % | Time Play |
| 1 | Calen Addison | Chase Priskie | | 1 | 2 | 2 | 40 | 33% | 16:58
|
| 2 | Maxence Guenette | Devante Stephens | | 1 | 2 | 2 | 30 | 35% | 18:00
|
| 3 | Calen Addison | Charles-Alexis Legault | | 1 | 2 | 2 | 20 | 17% | 8:56
|
| 4 | Mason Millman | Calen Addison | | 1 | 2 | 2 | 10 | 14% | 7:20
|
| Power Play Forward |
|---|
| Line # | Left Wing | Center | Right Wing | PHY | DF | OF | Wanted % | Time % | Time Play |
| 1 | Mitchell Stephens | Givani Smith | Mikael Pyyhtia | 1 | 0 | 4 | 60 | 100% | 5:57
|
| 2 | Mitchell Stephens | Givani Smith | Mikael Pyyhtia | 1 | 2 | 2 | 40 | 0% | 0:00
|
| Power Play Defense |
|---|
| Line # | Defense | Defense | | PHY | DF | OF | Wanted % | Time % | Time Play |
| 1 | Calen Addison | Chase Priskie | | 1 | 2 | 2 | 60 | 68% | 4:01
|
| 2 | Devante Stephens | Calen Addison | | 1 | 2 | 2 | 40 | 32% | 1:56
|
| Penalty Kill 4 Players Forward |
|---|
| Line # | Center | Wing | PHY | DF | OF | Wanted % | Time % | Time Play |
| 1 | Givani Smith | Mitchell Stephens | 1 | 2 | 2 | 60 | 69% | 1:47
|
| 2 | Givani Smith | Jack Williams | 1 | 2 | 2 | 40 | 31% | 0:47
|
| Penalty Kill 4 Players Defense |
|---|
| Line # | Defense | Defense | PHY | DF | OF | Wanted % | Time % | Time Play |
| 1 | Calen Addison | Chase Priskie | 1 | 2 | 2 | 60 | 66% | 1:42
|
| 2 | Calen Addison | Maxence Guenette | 1 | 2 | 2 | 40 | 34% | 0:52
|
| Penalty Kill 3 Players |
|---|
| Line # | Wing | PHY | DF | OF | Wanted % | Time % | Time Play | Defense | Defense | PHY | DF | OF | Wanted % | Time % | Time Play |
| 1 | Givani Smith | 1 | 2 | 2 | 60 | 0% | 0:00
| Calen Addison | Maxence Guenette | 1 | 2 | 2 | 60 | 0% | 0:00
|
| 2 | Nate Smith | 1 | 2 | 2 | 40 | 0% | 0:00
| Mason Millman | Devante Stephens | 1 | 2 | 2 | 40 | 0% | 0:00
|
| 4 vs 4 Forward |
|---|
| Line # | Center | Wing | PHY | DF | OF | Wanted % | Time % | Time Play |
| 1 | Givani Smith | Mikael Pyyhtia | 1 | 2 | 2 | 60 | 0% | 0:00
|
| 2 | Jesse Ylonen | Martin Chromiak | 1 | 2 | 2 | 40 | 0% | 0:00
|
| 4 vs 4 Defense |
|---|
| Line # | Defense | | PHY | DF | OF | Wanted % | Time % | Time Play |
| 1 | Chase Priskie | Calen Addison | 1 | 2 | 2 | 60 | 0% | 0:00
|
| 2 | Charles-Alexis Legault | Chase Priskie | 1 | 2 | 2 | 40 | 0% | 0:00
|
| Last Minutes Offensive |
|---|
| Left Wing | Center | Right Wing | Defense | Defense |
| Mitchell Stephens | Givani Smith | Mikael Pyyhtia | Calen Addison | Chase Priskie |
| Last Minutes Defensive |
|---|
| Left Wing | Center | Right Wing | Defense | Defense |
| Mitchell Stephens | Givani Smith | Mikael Pyyhtia | Calen Addison | Chase Priskie |
| Time |
|---|
| Total Forward | Total Defense | Last Minutes Offensive | Last Minutes Defensive |
| 60:00 |
60:00 |
0:15 | 0:00 |
| Extra Forwards |
|---|
| Normal | PowerPlay | Penalty Kill |
|
Givani Smith, Marcel Marcel, Mitchell Stephens | Givani Smith, Jesse Ylonen | Nikita Grebenkin |
| Extra Defensemen |
|---|
| Normal | PowerPlay | Penalty Kill |
|
Charles-Alexis Legault, Mason Millman, Calen Addison | Chase Priskie, Maxence Guenette | Calen Addison |
| Penalty Shots |
|---|
|
Givani Smith, Marcel Marcel, Mitchell Stephens, Mikael Pyyhtia, Jesse Ylonen |
| Goalie |
|---|
| Nolan Maier, Matt Tomkins |
| Scratches |
|---|
|
Cameron Whitehead (Healthy) |
Play-by-Play
1st period
0:01 of 1st period - Lukas Rousek wins face-off versus Givani Smith in neutral zone.
0:04 of 1st period - Mitchell Stephens is hit by Wyatte Wylie and loses puck.
0:10 of 1st period - Mitchell Stephens and Lukas Rousek fight to a draw.
0:10 of 1st period - Penalty to Mitchell Stephens for Fighting.
0:10 of 1st period - Penalty to Lukas Rousek for Fighting.
0:10 of 1st period - Penalty to Mitchell Stephens for instigated a fight.
0:10 of 1st period - Penalty to Mitchell Stephens for instigated a fight.
0:11 of 1st period - Givani Smith wins face-off versus Dylan Roobroeck in neutral zone.
0:44 of 1st period - Wrist shot by Jordan Martel.
0:44 of 1st period - Shot Misses the Net.
1:14 of 1st period - Max McCormick is hit by Quinn Olson and loses puck.
1:43 of 1st period - Givani Smith is hit by Grant Hutton and loses puck.
2:10 of 1st period - Penalty to Mitchell Stephens is over, Jesse Ylonen is send on ice.
3:42 of 1st period - Mikael Pyyhtia is hit by Grant Hutton and loses puck.
8:14 of 1st period - Martin Chromiak is hit by Grant Gabriele and loses puck.
10:45 of 1st period - Max McCormick is hit by Martin Chromiak and loses puck.
11:36 of 1st period - Wyatte Wylie is hit by Givani Smith.
12:34 of 1st period - Riley Hughes is hit by Calen Addison and loses puck.
12:47 of 1st period - Chase Priskie is hit by Max McCormick and loses puck.
15:10 of 1st period - 10 Minutes Misconduct Penalty to Mitchell Stephens is over.
15:12 of 1st period - Seth Helgeson is hit by Nate Smith and loses puck.
15:43 of 1st period - Riley Hughes is hit by Mitchell Stephens and loses puck.
15:59 of 1st period - Icing by Calen Addison.
16:00 of 1st period - Mitchell Stephens wins face-off versus Chase Wouters in Checkers 1 zone.
17:39 of 1st period - Mitchell Stephens is hit by Dylan Roobroeck and loses puck.
Goals for this period are 0 for Phantoms vs 0 for Checkers 1.
Shots for this period are 0 for Phantoms vs 0 for Checkers 1.
2nd period
0:01 of 2nd period - Jack Williams wins face-off versus Dylan Roobroeck in neutral zone.
0:04 of 2nd period - Slapshot by Chase Priskie.
0:04 of 2nd period - Deflect By Givani Smith.
0:04 of 2nd period - Shot Misses the Net.
0:04 of 2nd period - Puck is out of play.
0:05 of 2nd period - Dylan Roobroeck wins face-off versus Givani Smith in Phantoms zone.
0:12 of 2nd period - Wrist shot by Givani Smith.
0:12 of 2nd period - Shot Blocked by Lukas Rousek.
0:14 of 2nd period - Snap shot by Givani Smith.
0:14 of 2nd period - Shot Misses the Net.
0:16 of 2nd period - Slapshot by Calen Addison.
0:16 of 2nd period - Shot Blocked by Wyatte Wylie.
0:36 of 2nd period - Off-side.
0:37 of 2nd period - Curtis Douglas wins face-off versus Givani Smith in neutral zone.
0:40 of 2nd period - Snap shot by Djibril Touré.
0:40 of 2nd period - Deflect By Max McCormick.
0:40 of 2nd period - Shot Blocked by Givani Smith.
0:40 of 2nd period - Puck is out of play.
0:41 of 2nd period - Max McCormick wins face-off versus Givani Smith in Checkers 1 zone.
0:42 of 2nd period - Wrist shot by Jordan Martel.
0:42 of 2nd period - Stopped by Nolan Maier with a rebound.
1:03 of 2nd period - Minor Penalty to Jordan Martel for Roughing.
1:04 of 2nd period - Mikael Pyyhtia wins face-off versus Juha Jaaska in Phantoms zone.
1:07 of 2nd period - Snap shot by Mikael Pyyhtia.
1:07 of 2nd period - Deflect By Mitchell Stephens.
1:07 of 2nd period - Shot Misses the Net.
1:07 of 2nd period - Puck is out of play.
1:08 of 2nd period - Givani Smith wins face-off versus Juha Jaaska in Phantoms zone.
1:17 of 2nd period - Snap shot by Mikael Pyyhtia.
1:17 of 2nd period - Shot Blocked by Wyatte Wylie.
1:19 of 2nd period - Snap shot by Mikael Pyyhtia.
1:19 of 2nd period - Shot Misses the Net.
1:21 of 2nd period - Wrist shot by Mikael Pyyhtia.
1:21 of 2nd period - Shot Misses the Net.
2:07 of 2nd period - Djibril Touré is hit by Marcel Marcel and loses puck.
3:03 of 2nd period - Penalty to Jordan Martel is over, Jordan Martel is back on ice.
3:14 of 2nd period - Wrist shot by Curtis Douglas.
3:14 of 2nd period - Stopped by Nolan Maier with a rebound.
3:16 of 2nd period - Slapshot by Steven Santini.
3:16 of 2nd period - Stopped by Nolan Maier without a rebound.
3:17 of 2nd period - Givani Smith wins face-off versus Chase Wouters in Checkers 1 zone.
3:59 of 2nd period - Juha Jaaska is hit by Marcel Marcel and loses puck.
4:37 of 2nd period - Snap shot by Chase Wouters.
4:37 of 2nd period - Shot Misses the Net.
4:39 of 2nd period - Slapshot by Steven Santini.
4:39 of 2nd period - Deflect By Cole Reinhardt.
4:39 of 2nd period - Stopped by Nolan Maier with a rebound.
7:15 of 2nd period - Cole Reinhardt is hit by Quinn Olson and loses puck.
8:40 of 2nd period - Marcel Marcel is hit by Juha Jaaska and loses puck.
8:57 of 2nd period - Lukas Rousek is hit by Nate Smith and loses puck.
9:20 of 2nd period - Martin Chromiak is hit by Curtis Douglas and loses puck.
10:57 of 2nd period - Mason Millman is hit by Max McCormick and loses puck.
12:50 of 2nd period - Riley Hughes is hit by Devante Stephens and loses puck.
13:03 of 2nd period - Luke Henman is hit by Jordan Martel and loses puck.
13:28 of 2nd period - Max McCormick is hit by Chase Priskie and loses puck.
16:09 of 2nd period - Mason Millman is hit by Wyatte Wylie and loses puck.
16:24 of 2nd period - Curtis Douglas is hit by Givani Smith and loses puck.
16:43 of 2nd period - Dylan Roobroeck is hit by Quinn Olson and loses puck.
Goals for this period are 0 for Phantoms vs 0 for Checkers 1.
Shots for this period are 4 for Phantoms vs 0 for Checkers 1.
3rd period
0:01 of 3rd period - Dylan Roobroeck wins face-off versus Givani Smith in neutral zone.
0:13 of 3rd period - Slapshot by Jack Williams.
0:13 of 3rd period - Stopped by Felix Sandström with a rebound.
0:15 of 3rd period - Slapshot by Jesse Ylonen.
0:15 of 3rd period - Goal by Jesse Ylonen - Phantoms : 0 - Checkers 1 : 1.
0:16 of 3rd period - Givani Smith wins face-off versus Dylan Roobroeck in neutral zone.
0:24 of 3rd period - Snap shot by Wyatte Wylie.
0:24 of 3rd period - Shot Blocked by Calen Addison.
0:26 of 3rd period - Wrist shot by Dylan Roobroeck.
0:26 of 3rd period - Shot Misses the Net.
0:28 of 3rd period - Snap shot by Steven Santini.
0:28 of 3rd period - Stopped by Nolan Maier with a rebound.
0:30 of 3rd period - Backhand shot by Juha Jaaska.
0:30 of 3rd period - Goal by Juha Jaaska - Phantoms : 1 - Checkers 1 : 1.
0:31 of 3rd period - Jesse Ylonen wins face-off versus Juha Jaaska in neutral zone.
0:36 of 3rd period - Slapshot by Jack Williams.
0:36 of 3rd period - Stopped by Felix Sandström with a rebound.
0:38 of 3rd period - Slapshot by Jesse Ylonen.
0:38 of 3rd period - Goal by Jesse Ylonen - Phantoms : 1 - Checkers 1 : 2.
0:39 of 3rd period - Givani Smith wins face-off versus Lukas Rousek in neutral zone.
0:48 of 3rd period - Snap shot by Jack Williams.
0:48 of 3rd period - Stopped by Felix Sandström without a rebound.
0:49 of 3rd period - Jesse Ylonen wins face-off versus Lukas Rousek in Phantoms zone.
0:50 of 3rd period - Slapshot by Givani Smith.
0:50 of 3rd period - Stopped by Felix Sandström with a rebound.
0:52 of 3rd period - Snap shot by Givani Smith.
0:52 of 3rd period - Stopped by Felix Sandström with a rebound.
0:54 of 3rd period - Snap shot by Jack Williams.
0:54 of 3rd period - Shot Misses the Net.
0:56 of 3rd period - Slapshot by Chase Priskie.
0:56 of 3rd period - Deflect By Juha Jaaska.
0:56 of 3rd period - Stopped by Felix Sandström without a rebound.
0:57 of 3rd period - Lukas Rousek wins face-off versus Givani Smith in Phantoms zone.
1:10 of 3rd period - Snap shot by Lukas Rousek.
1:10 of 3rd period - Deflect By Dylan Roobroeck.
1:10 of 3rd period - Stopped by Nolan Maier without a rebound.
1:11 of 3rd period - Dylan Roobroeck wins face-off versus Givani Smith in Checkers 1 zone.
1:14 of 3rd period - Wrist shot by Lukas Rousek.
1:14 of 3rd period - Shot Misses the Net.
1:20 of 3rd period - Slapshot by Calen Addison.
1:20 of 3rd period - Stopped by Felix Sandström with a rebound.
1:22 of 3rd period - Backhand shot by Chase Priskie.
1:22 of 3rd period - Stopped by Felix Sandström with a rebound.
1:24 of 3rd period - Snap shot by Jesse Ylonen.
1:24 of 3rd period - Shot Blocked by Wyatte Wylie.
1:26 of 3rd period - Slapshot by Chase Priskie.
1:26 of 3rd period - Stopped by Felix Sandström with a rebound.
1:36 of 3rd period - Nikita Grebenkin is hit by Wyatte Wylie and loses puck.
1:43 of 3rd period - Snap shot by Max McCormick.
1:43 of 3rd period - Shot Misses the Net.
1:45 of 3rd period - Wrist shot by Jordan Martel.
1:45 of 3rd period - Shot Misses the Net.
1:47 of 3rd period - Wrist shot by Jordan Martel.
1:47 of 3rd period - Shot Blocked by Devante Stephens.
1:57 of 3rd period - Devante Stephens is hit by Chase Wouters and loses puck.
2:18 of 3rd period - Maxence Guenette is hit by Djibril Touré and loses puck.
2:41 of 3rd period - Wrist shot by Cole Reinhardt.
2:41 of 3rd period - Shot Blocked by Maxence Guenette.
3:00 of 3rd period - Off-side.
3:01 of 3rd period - Chase Wouters wins face-off versus Givani Smith in neutral zone.
3:04 of 3rd period - Snap shot by Riley Hughes.
3:04 of 3rd period - Stopped by Nolan Maier with a rebound.
3:06 of 3rd period - Snap shot by Cole Reinhardt.
3:06 of 3rd period - Stopped by Nolan Maier without a rebound.
3:07 of 3rd period - Chase Wouters wins face-off versus Givani Smith in Checkers 1 zone.
3:18 of 3rd period - Snap shot by Cole Reinhardt.
3:18 of 3rd period - Deflect By Riley Hughes.
3:18 of 3rd period - Stopped by Nolan Maier without a rebound.
3:19 of 3rd period - Mitchell Stephens wins face-off versus Dylan Roobroeck in Checkers 1 zone.
3:34 of 3rd period - Snap shot by Lukas Rousek.
3:34 of 3rd period - Stopped by Nolan Maier without a rebound.
3:35 of 3rd period - Jordan Martel wins face-off versus Givani Smith in Checkers 1 zone.
3:40 of 3rd period - Snap shot by Curtis Douglas.
3:40 of 3rd period - Shot Misses the Net.
4:10 of 3rd period - Slapshot by Mitchell Stephens.
4:10 of 3rd period - Shot Misses the Net.
4:30 of 3rd period - Snap shot by Juha Jaaska.
4:30 of 3rd period - Shot Blocked by Nate Smith.
4:49 of 3rd period - Icing by Chase Wouters.
4:50 of 3rd period - Curtis Douglas wins face-off versus Marcel Marcel in Phantoms zone.
4:55 of 3rd period - Snap shot by Max McCormick.
4:55 of 3rd period - Shot Blocked by Jack Williams.
4:57 of 3rd period - Slapshot by Max McCormick.
4:57 of 3rd period - Shot Misses the Net.
4:59 of 3rd period - Snap shot by Curtis Douglas.
4:59 of 3rd period - Goal by Curtis Douglas - Phantoms : 2 - Checkers 1 : 2.
5:00 of 3rd period - Givani Smith wins face-off versus Dylan Roobroeck in neutral zone.
5:27 of 3rd period - Wrist shot by Martin Chromiak.
5:27 of 3rd period - Shot Misses the Net.
5:29 of 3rd period - Slapshot by Devante Stephens.
5:29 of 3rd period - Shot Blocked by Grant Hutton.
5:31 of 3rd period - Slapshot by Martin Chromiak.
5:31 of 3rd period - Stopped by Felix Sandström without a rebound.
5:32 of 3rd period - Jordan Martel wins face-off versus Givani Smith in Phantoms zone.
5:49 of 3rd period - Minor Penalty to Curtis Douglas for High sticking.
5:50 of 3rd period - Givani Smith wins face-off versus Juha Jaaska in Phantoms zone.
5:58 of 3rd period - Snap shot by Mikael Pyyhtia.
5:58 of 3rd period - Stopped by Felix Sandström without a rebound.
5:59 of 3rd period - Juha Jaaska wins face-off versus Givani Smith in Phantoms zone.
6:22 of 3rd period - Slapshot by Givani Smith.
6:22 of 3rd period - Deflect By Mikael Pyyhtia.
6:22 of 3rd period - Stopped by Felix Sandström without a rebound.
6:23 of 3rd period - Givani Smith wins face-off versus Juha Jaaska in Phantoms zone.
7:04 of 3rd period - Lukas Rousek is hit by Marcel Marcel and loses puck.
7:34 of 3rd period - Devante Stephens is hit by Dylan Roobroeck and loses puck.
7:49 of 3rd period - Penalty to Curtis Douglas is over, Curtis Douglas is back on ice.
8:15 of 3rd period - Jack Williams is hit by Djibril Touré and loses puck.
8:51 of 3rd period - Icing by Curtis Douglas.
8:52 of 3rd period - Curtis Douglas wins face-off versus Marcel Marcel in Phantoms zone.
8:52 of 3rd period - Curtis Douglas is hit by Marcel Marcel.
8:58 of 3rd period - Nate Smith is hit by Max McCormick and loses puck.
9:46 of 3rd period - Minor Penalty to Calen Addison for Slashing.
9:47 of 3rd period - Givani Smith wins face-off versus Lukas Rousek in Checkers 1 zone.
10:21 of 3rd period - Wrist shot by Jordan Martel.
10:21 of 3rd period - Goal by Jordan Martel - Phantoms : 3 - Checkers 1 : 2.
10:22 of 3rd period - Givani Smith wins face-off versus Dylan Roobroeck in neutral zone.
10:24 of 3rd period - Chase Priskie is hit by Dylan Roobroeck and loses puck.
10:28 of 3rd period - Chase Priskie is hit by Steven Santini.
10:48 of 3rd period - Jordan Martel is hit by Chase Priskie and loses puck.
10:57 of 3rd period - Slapshot by Wyatte Wylie.
10:57 of 3rd period - Shot Blocked by Mitchell Stephens.
10:59 of 3rd period - Wrist shot by Max McCormick.
10:59 of 3rd period - Shot Misses the Net.
11:09 of 3rd period - Slapshot by Maxence Guenette.
11:09 of 3rd period - Shot Misses the Net.
11:17 of 3rd period - Slapshot by Givani Smith.
11:17 of 3rd period - Shot Misses the Net.
11:51 of 3rd period - Juha Jaaska is hit by Marcel Marcel and loses puck.
12:10 of 3rd period - Steven Santini is hit by Mikael Pyyhtia and loses puck.
12:31 of 3rd period - Mason Millman is hit by Chase Wouters and loses puck.
13:09 of 3rd period - Icing by Devante Stephens.
13:10 of 3rd period - Mitchell Stephens wins face-off versus Chase Wouters in Checkers 1 zone.
13:18 of 3rd period - Wrist shot by Maxence Guenette.
13:18 of 3rd period - Shot Hit the Post.
14:02 of 3rd period - Dylan Roobroeck is hit by Calen Addison and loses puck.
16:06 of 3rd period - Minor Penalty to Dylan Roobroeck for Tripping.
16:07 of 3rd period - Juha Jaaska wins face-off versus Givani Smith in Phantoms zone.
16:17 of 3rd period - Steven Santini is hit by Mitchell Stephens and loses puck.
16:58 of 3rd period - Djibril Touré is hit by Devante Stephens and loses puck.
17:53 of 3rd period - Chase Priskie is hit by Lukas Rousek and loses puck.
18:06 of 3rd period - Penalty to Dylan Roobroeck is over, Dylan Roobroeck is back on ice.
18:54 of 3rd period - Icing by Calen Addison.
18:55 of 3rd period - Nate Smith wins face-off versus Dylan Roobroeck in Checkers 1 zone.
19:08 of 3rd period - Wrist shot by Dylan Roobroeck.
19:08 of 3rd period - Shot Misses the Net.
19:10 of 3rd period - Slapshot by Juha Jaaska.
19:10 of 3rd period - Deflect By Lukas Rousek.
19:10 of 3rd period - Shot Misses the Net.
19:10 of 3rd period - Puck is out of play.
19:11 of 3rd period - Brian Wiseman call a timeout for Checkers 1.
19:11 of 3rd period - Dylan Roobroeck wins face-off versus Givani Smith in Checkers 1 zone.
19:14 of 3rd period - Wrist shot by Lukas Rousek.
19:14 of 3rd period - Goal by Lukas Rousek - Phantoms : 4 - Checkers 1 : 2.
19:15 of 3rd period - Givani Smith wins face-off versus Juha Jaaska in neutral zone.
19:30 of 3rd period - Snap shot by Givani Smith.
19:30 of 3rd period - Shot Misses the Net.
Goals for this period are 4 for Phantoms vs 2 for Checkers 1.
Shots for this period are 10 for Phantoms vs 14 for Checkers 1.